 Dungeon Crawl Stone Soup version 0.26.1-10-gdfb7c7de75 (webtiles) character file.

Game seed: 16057358561604833423

5506 jlumianski the Magician (level 10, -3/79 HPs)
             Began as a Gnoll Warper on Apr 8, 2021.
             Was a Believer of Sif Muna.
             Slain by a cyan ugly thing (16 damage)
             ... on level 9 of the Dungeon on Apr 10, 2021.
             The game lasted 01:02:58 (11207 turns).

jlumianski the Magician (Gnoll Warper)             Turns: 11207, Time: 01:03:00

Health: -3/79      AC: 13    Str: 14    XL:     10   Next: 70%
Magic:  18/21      EV: 15    Int: 18    God:    Sif Muna [**....]
Gold:   123        SH:  0    Dex: 18    Spells: 11/24 levels left

rFire    . . .     SeeInvis .   Q - +4 battleaxe (freeze)
rCold    + + .     Faith    +   (shield currently unavailable)
rNeg     + . .     Spirit   .   s - +3 ring mail of Hide-and-Seek {rPois rN+ Dex+3}
rPois    +         Reflect  .   (no helmet)
rElec    .         Harm     .   (no cloak)
rCorr    .         Rampage  .   (no gloves)
Will     .....                  (no boots)
Stlth    +++.......             H - amulet of faith
HPRegen  0.23/turn              t - ring of protection from fire
MPRegen  0.17/turn              y - ring of ice

@: no status effects
A: distributed training, fangs 1, icy blue scales 1, yellow scales 1, cold
resistance 1, strong nose
a: Renounce Religion, Channel Magic


You were on level 9 of the Dungeon.
You worshipped Sif Muna.
Sif Muna was pleased with you.
You visited 2 branches of the dungeon, and saw 11 of its levels.

You collected 530 gold pieces.
You spent 407 gold pieces at shops.

Inventory:

Hand Weapons
 b - a +0 quarterstaff of freezing
 q - the +0 flail "Orb Guardian's Peril" {flame, +Rage rF++}
   (You bought it in a shop on level 4 of the Dungeon)

   It has been specially enchanted to burn those struck by it, causing extra
   injury to most foes and up to half again as much damage against particularly
   susceptible opponents.
   It greatly protects you from fire.
   It lets you go berserk.
 P - the +1 long sword of Thoughtfulness {vorpal, +Fly rF- Stlth+}
   (You bought it in a shop on level 7 of the Dungeon)

   It inflicts extra damage upon your enemies.
   It makes you vulnerable to fire.
   It lets you fly.
   It makes you more stealthy.
 Q - a +4 battleaxe of freezing (weapon)
Missiles
 e - 5 boomerangs of dispersal
 h - 18 poisoned darts (quivered)
 M - 15 boomerangs
Armour
 s - the +3 ring mail of Hide-and-Seek (worn) {rPois rN+ Dex+3}
   (You found it on level 4 of the Dungeon)

   It affects your dexterity (+3).
   It protects you from poison.
   It protects you from negative energy.
Jewellery
 a - an uncursed ring of ice
 t - a ring of protection from fire (left hand)
 y - a ring of ice (right hand)
 H - an amulet of faith (around neck)
 R - an uncursed ring of fire
Wands
 x - a wand of enslavement (11)
 I - a wand of iceblast (6)
Scrolls
 c - 2 scrolls of teleportation
 d - 2 scrolls of blinking
 g - a scroll of enchant weapon
 j - a scroll of enchant armour
 m - 3 scrolls of fog {unknown}
 n - 3 scrolls of fear
 p - a scroll of magic mapping
 r - a scroll of noise {unknown}
 B - a scroll of random uselessness {unknown}
 D - 4 scrolls of remove curse
 G - a scroll of acquirement {unknown}
 L - 3 scrolls of identify
 T - a scroll of summoning {unknown}
Potions
 f - a potion of might
 v - a potion of invisibility
 w - a potion of haste
 A - a potion of heal wounds
 C - a potion of flight
 K - a potion of brilliance {unknown}
 N - a potion of resistance
 U - a potion of curing
 V - a potion of ambrosia {unknown}


   Skills:
 + Level 7.2 Fighting
 + Level 5.5 Short Blades
 + Level 5.5 Long Blades
 + Level 7.2 Axes
 + Level 5.5 Maces & Flails
 + Level 5.5 Polearms
 + Level 5.5 Staves
 + Level 5.5 Slings
 + Level 5.5 Bows
 + Level 5.5 Crossbows
 + Level 6.1 Throwing
 + Level 6.1 Armour
 + Level 7.2 Dodging
 + Level 5.5 Stealth
 + Level 5.5 Shields
 + Level 5.5 Unarmed Combat
 + Level 7.5 Spellcasting
 + Level 4.5 Conjurations
 + Level 4.5 Hexes
 + Level 4.5 Summonings
 + Level 4.5 Necromancy
 + Level 7.2 Translocations
 + Level 4.5 Transmutations
 + Level 4.5 Fire Magic
 + Level 4.5 Ice Magic
 + Level 4.5 Air Magic
 + Level 4.5 Earth Magic
 + Level 4.5 Poison Magic
 + Level 6.1 Invocations
 + Level 5.5 Evocations


You had 11 spell levels left.
You knew the following spells:

 Your Spells              Type           Power        Failure   Level
a - Blink                 Tloc           N/A          1%          2
b - Gell's Gravitas       Tloc           16%          3%          3
c - Teleport Other        Tloc           32%          3%          3
d - Dazzling Flash        Conj/Hex       46%          9%          3
e - Ensorcelled Hibernat  Hex/Ice        68%          4%          2

Your spell library contained the following spells:

 Spells                   Type           Power        Failure   Level
 Corona                   Hex            25%          3%          1
 Lesser Beckoning         Tloc           16%          3%          3
 Confusing Touch          Hex            23%          9%          3
 Tukima's Dance           Hex            23%          9%          3
 Passage of Golubria      Tloc           N/A          10%         4


Dungeon Overview and Level Annotations

Branches:
Dungeon (10/15)            Temple (1/1) D:6            Lair (0/6) D:9
    Orc (0/2) D:10

Altars:
Gozag
Kikubaaqudgha
Sif Muna
Xom
Lugonu

Shops:
D:4 *   D:7 (

Portals:
Abyss: D:5

Annotations:
D:4 Edmund


Innate Abilities, Weirdness & Mutations

Your experience applies equally to all skills.
You have very sharp teeth.
Your uncanny sense of smell can sniff out nearby items.
You are partially covered in icy blue scales. (AC +2)
You are partially covered in yellow scales. (AC +2)
Your flesh is cold resistant. (rC+)


Message History

Aiming: Ensorcelled Hibernation (safe; 4% risk of failure)
Press: ? - help, Shift-Dir - straight line, f - cyan ugly thing
Aim: a cyan ugly thing (chance to affect: 45%)
You feel a surge of power!
The cyan ugly thing looks drowsy...
The cyan ugly thing gurgles horribly!
You slice the cyan ugly thing!! You freeze the cyan ugly thing!
The cyan ugly thing is moderately wounded.
The cyan ugly thing engulfs you! The cyan ugly thing shocks you!
The cyan ugly thing engulfs you. The cyan ugly thing shocks you!
* * * LOW HITPOINT WARNING * * *
You barely miss the cyan ugly thing.
The cyan ugly thing is moderately wounded.
The cyan ugly thing engulfs you but does no damage.
You hit the cyan ugly thing. You freeze the cyan ugly thing.
Your bite misses the cyan ugly thing.
The cyan ugly thing is heavily wounded.
The cyan ugly thing engulfs you.
* * * LOW HITPOINT WARNING * * *
The cyan ugly thing shocks you!
You die...

####..#..'....#..#
......#..#....#..#
###...#..#....#..#
..#####..######..#
.................#
.................#
.................#
................u#
................@#
.................#
.................#
..........########
#.........#
#.........#
####......#
######.# ###


You could see a cyan ugly thing.

Vanquished Creatures
  Fannar (D:10)
  A two-headed ogre (D:8)
  Pikel (D:7)
  A polar bear (D:8)
  A yak (D:8)
  2 ice beasts
  2 orc warriors (D:10)
  A black bear (D:6)
  4 ogres
  A wolf (D:8)
  4 centaurs
  3 big kobolds
  6 bullfrogs
  6 scorpions
  3 wights (D:8)
  A howler monkey (D:5)
  2 electric eels
  2 bullfrog zombies
  A jelly (D:8)
  2 hounds (D:9)
  4 orc priests
  4 orc wizards
  A centaur skeleton (D:4)
  2 iguanas
  3 worker ants
  A bullfrog simulacrum (D:8)
  A hound skeleton (D:4)
  7 gnolls
  13 adders
  A shadow imp (D:5)
  4 white imps
  A worker ant simulacrum (D:8)
  An ufetubus (D:8)
  An ooze (D:1)
  An adder skeleton (D:6)
  2 worms
  5 dart slugs
  10 leopard geckos
  20 orcs
  10 bats
  3 giant cockroaches
  5 goblins
  10 hobgoblins
  11 jackals
  20 kobolds
  5 quokkas
  A ball python (D:4)
  A ball python skeleton (D:4)
  5 frilled lizards
  2 leopard gecko skeletons
  A quokka skeleton (D:4)
  4 rats
205 creatures vanquished.

Vanquished Creatures (collateral kills)
  A big kobold (D:10)
1 creature vanquished.

Vanquished Creatures (others)
  A wight (D:10)
  A worker ant (D:10)
  2 lurking horrors (D:5)
  7 plants
11 creatures vanquished.

Grand Total: 217 creatures vanquished

Notes
Turn   | Place    | Note
-------+----------+-------------------------------------------
     0 | D:1      | jlumianski the Gnoll Warper began the quest for the Orb.
     0 | D:1      | Reached XP level 1. HP: 20/20 MP: 6/6
   356 | D:1      | Reached XP level 2. HP: 25/26 MP: 7/7
   359 | D:1      | Learned a level 2 spell: Blink
   604 | D:2      | Reached XP level 3. HP: 26/31 MP: 9/9
   612 | D:2      | Learned a level 3 spell: Gell's Gravitas
   616 | D:2      | Learned a level 3 spell: Teleport Other
   654 | D:1      | Reached skill level 5 in Spellcasting
   899 | D:1      | Reached skill level 1 in Invocations
  1795 | D:2      | Reached skill level 1 in Short Blades
  1795 | D:2      | Reached skill level 1 in Long Blades
  1795 | D:2      | Reached skill level 1 in Maces & Flails
  1795 | D:2      | Reached skill level 1 in Polearms
  1795 | D:2      | Reached skill level 1 in Staves
  1795 | D:2      | Reached skill level 1 in Slings
  1795 | D:2      | Reached skill level 1 in Bows
  1795 | D:2      | Reached skill level 1 in Crossbows
  1795 | D:2      | Reached skill level 1 in Stealth
  1795 | D:2      | Reached skill level 1 in Shields
  1795 | D:2      | Reached skill level 1 in Unarmed Combat
  1795 | D:2      | Reached skill level 1 in Evocations
  1951 | D:2      | Reached XP level 4. HP: 38/38 MP: 2/11
  2256 | D:2      | Found a shimmering altar of Xom.
  2733 | D:3      | Reached skill level 1 in Conjurations
  2733 | D:3      | Reached skill level 1 in Hexes
  2733 | D:3      | Reached skill level 1 in Summonings
  2733 | D:3      | Reached skill level 1 in Necromancy
  2733 | D:3      | Reached skill level 1 in Transmutations
  2733 | D:3      | Reached skill level 1 in Fire Magic
  2733 | D:3      | Reached skill level 1 in Ice Magic
  2733 | D:3      | Reached skill level 1 in Air Magic
  2733 | D:3      | Reached skill level 1 in Earth Magic
  2733 | D:3      | Reached skill level 1 in Poison Magic
  3053 | D:3      | Reached XP level 5. HP: 22/43 MP: 4/12
  3801 | D:4      | Reached XP level 6. HP: 49/50 MP: 13/13
  3837 | D:4      | Gained mutation: You are partially covered in icy blue
                  | scales. (AC +2) [potion of mutation]
  3837 | D:4      | Gained mutation: Your flesh is cold resistant. (rC+)
                  | [potion of mutation]
  3837 | D:4      | Gained mutation: You are partially covered in yellow
                  | scales. (AC +2) [potion of mutation]
  3883 | D:4      | Found Heantuung's Assorted Antiques.
  3911 | D:4      | Reached skill level 5 in Fighting
  3911 | D:4      | Reached skill level 5 in Axes
  3911 | D:4      | Reached skill level 5 in Dodging
  4122 | D:4      | Bought a jewelled flail for 178 gold pieces
  4122 | D:4      | Bought a scroll of identify for 42 gold pieces
  4123 | D:4      | Identified the cursed +0 flail "Orb Guardian's Peril"
                  | {flame, +Rage rF++} (You bought it in a shop on level 4 of
                  | the Dungeon)
  4408 | D:4      | Got a spiked ring mail
  4409 | D:4      | Identified the +3 ring mail of Hide-and-Seek {rPois rN+
                  | Dex+3} (You found it on level 4 of the Dungeon)
  4439 | D:4      | Noticed Edmund
  4778 | D:5      | Entered Level 5 of the Dungeon
  4978 | D:5      | Found a corrupted altar of Lugonu.
  5068 | D:5      | Reached XP level 7. HP: 50/56 MP: 11/15
  5393 | D:5      | Found a one-way gate to the infinite horrors of the Abyss.
  6127 | D:6      | Reached XP level 8. HP: 43/63 MP: 11/16
  6481 | D:6      | Found a staircase to the Ecumenical Temple.
  6488 | Temple   | Entered the Ecumenical Temple
  6514 | Temple   | Became a worshipper of Sif Muna the Loreminder
  6984 | D:6      | Found a shimmering blue altar of Sif Muna.
  7629 | D:8      | Reached * piety under Sif Muna
  7716 | D:7      | Noticed Pikel
  7729 | D:7      | Killed Pikel
  7730 | D:7      | Reached XP level 9. HP: 34/69 MP: 4/18
  7895 | D:7      | Found Xicsos's Antique Weapon Shoppe.
  7903 | D:7      | Bought a bloodstained long sword for 187 gold pieces
  7904 | D:7      | Identified the cursed +1 long sword of Thoughtfulness
                  | {vorpal, +Fly rF- Stlth+} (You bought it in a shop on level
                  | 7 of the Dungeon)
  8497 | D:8      | Reached skill level 5 in Throwing
  8497 | D:8      | Reached skill level 5 in Armour
  8918 | D:8      | Noticed a two-headed ogre
  9083 | D:8      | Killed a two-headed ogre
  9084 | D:8      | Reached skill level 5 in Invocations
  9088 | D:8      | Noticed a polar bear
  9109 | D:8      | Killed a polar bear
  9110 | D:8      | Reached XP level 10. HP: 50/77 MP: 20/20
  9336 | D:8      | Reached skill level 5 in Short Blades
  9336 | D:8      | Reached skill level 5 in Long Blades
  9336 | D:8      | Reached skill level 5 in Maces & Flails
  9336 | D:8      | Reached skill level 5 in Polearms
  9336 | D:8      | Reached skill level 5 in Staves
  9336 | D:8      | Reached skill level 5 in Slings
  9336 | D:8      | Reached skill level 5 in Bows
  9336 | D:8      | Reached skill level 5 in Crossbows
  9336 | D:8      | Reached skill level 5 in Stealth
  9336 | D:8      | Reached skill level 5 in Shields
  9336 | D:8      | Reached skill level 5 in Unarmed Combat
  9336 | D:8      | Reached skill level 5 in Evocations
  9340 | D:8      | Learned a level 3 spell: Dazzling Flash
  9429 | D:8      | Reached ** piety under Sif Muna
  9805 | D:9      | Found a staircase to the Lair.
  9877 | D:10     | Entered Level 10 of the Dungeon
  9902 | D:10     | Noticed Fannar
  9967 | D:10     | Killed Fannar
 10486 | D:10     | Learned a level 2 spell: Ensorcelled Hibernation
 10687 | D:10     | Found a staircase to the Orcish Mines.
 10719 | D:10     | Noticed a two-headed ogre
 11172 | D:9      | Noticed a cyan ugly thing
 11207 | D:9      | Slain by a cyan ugly thing

Illustrated notes

Levels and vault maps discovered:
D:1:      dpeg_chamrin_arrival_tetris, layout_basic
D:2:      minmay_evil_eye, layout_loops_ring, marbit_many_paths,
          hangedman_abyss_or_decor_lesser_grid
D:3:      layout_basic
D:4:      layout_rooms, serial_bayou, serial_bayou_shore_a, serial_bayou_pond_a,
          serial_bayou_crossing, serial_bayou_ford_a, serial_bayou_pond_a,
          serial_shops, kennysheep_mini, kennysheep_windowed_goal, uniq_edmund,
          uniq_ijyb
D:5:      layout_basic, amcnicky_altar_lugonu_corruption
D:6:      cheibrodos_helix_gallery, layout_loops_cross,
          minmay_temple_entry_enclosed_plants, serial_shops, shop,
          minmay_misc_feat_four_crosses, led_sif_pool
D:7:      layout_basic, serial_shops, shop_statue, dk_rats_in_the_wall,
          uniq_pikel
D:8:      nzn_winding_woodlands_medium [nzn_winding_woodlands_5x5_perimeter,
          nzn_winding_woodlands_5x15_eye, nzn_winding_woodlands_5x5_three,
          nzn_winding_woodlands_5x5_closed_star,
          nzn_winding_woodlands_center_pierced_h,
          nzn_winding_woodlands_5x5_open_star,
          nzn_winding_woodlands_5x5_checkerboard,
          nzn_winding_woodlands_5x15_sawtooth, nzn_winding_woodlands_hourglass],
          layout_gridville, serial_ice, serial_ice_o, serial_ice_g,
          serial_ice_b, serial_ice_k, serial_ice_n, serial_ice_m,
          hangedman_decor_push, minmay_misc_feat_doors, uniq_prince_ribbit1
D:9:      layout_irregular_city, lair_entry_dummy
D:10:     layout_gridville, erik_orc_3, xom_confusion_cloud, uniq_fannar
Temple:   roderic_octagonal_lattice_temple

Skill      XL: |  1  2  3  4  5  6  7  8  9 10 |
---------------+-------------------------------+-----
Spellcasting   | 5 6 7 |  7.5
Invocations    | 1 2 3 4 5 6 |  6.1
Short Blades   | 1 2 4 5 |  5.5
Long Blades    | 1 2 4 5 |  5.5
Maces & Flails | 1 2 4 5 |  5.5
Polearms       | 1 2 4 5 |  5.5
Staves         | 1 2 4 5 |  5.5
Slings         | 1 2 4 5 |  5.5
Bows           | 1 2 4 5 |  5.5
Crossbows      | 1 2 4 5 |  5.5
Stealth        | 1 2 4 5 |  5.5
Shields        | 1 2 4 5 |  5.5
Unarmed Combat | 1 2 4 5 |  5.5
Evocations     | 1 2 4 5 |  5.5
Conjurations   | 1 2 3 4 |  4.5
Hexes          | 1 2 3 4 |  4.5
Summonings     | 1 2 3 4 |  4.5
Necromancy     | 1 2 3 4 |  4.5
Transmutations | 1 2 3 4 |  4.5
Fire Magic     | 1 2 3 4 |  4.5
Ice Magic      | 1 2 3 4 |  4.5
Air Magic      | 1 2 3 4 |  4.5
Earth Magic    | 1 2 3 4 |  4.5
Poison Magic   | 1 2 3 4 |  4.5
Throwing       | 3 4 5 6 |  6.1
Armour         | 3 4 5 6 |  6.1
Fighting       | 5 6 7 |  7.2
Axes           | 5 6 7 |  7.2
Dodging        | 5 6 7 |  7.2
Translocations | 6 7 |  7.2

Action                   |  1- 3 |  4- 6 |  7- 9 | 10-12 || total
-------------------------+-------+-------+-------+-------++-------
Melee: Hand axe          |   120 |   205 |    70 |       ||   395
       Bite              |     9 |    21 |    39 |    12 ||    81
       Punch             |     1 |     1 |     5 |       ||     7
       Lajatang          |       |       |    94 |       ||    94
       Long sword        |       |       |    64 |       ||    64
       Battleaxe         |       |       |    13 |   111 ||   124
       Flail             |       |       |       |    28 ||    28
Throw: Dart              |       |    49 |    32 |    24 ||   105
       Boomerang         |       |       |     3 |       ||     3
 Cast: Gell's Gravitas   |     3 |    16 |    29 |    27 ||    75
       Blink             |       |    15 |     1 |     8 ||    24
       Ensorcelled Hiber |       |       |       |     3 ||     3
       Dazzling Flash    |       |       |       |     3 ||     3
Evoke: Wand              |       |       |     3 |     3 ||     6
  Use: Scroll            |       |    11 |     5 |     1 ||    17
       Potion            |       |     5 |       |     2 ||     7
 Stab: Sleeping          |     1 |     1 |     6 |     4 ||    12
       Invisible         |       |       |       |     3 ||     3
Armor: Leather armour    |    36 |    34 |       |       ||    70
       Ring mail         |       |    22 |   109 |    83 ||   214
Dodge: Dodged            |   112 |   139 |   216 |   162 ||   629
       Rpst.: Long sword |       |       |    15 |       ||    15
